 Dungeon Crawl Stone Soup version 0.30-a0-122-g2a1322497e (webtiles) character file.

Game seed: 14594479331114949549

77 zxpr0jk the Chiller (level 4, 0/33 HPs)
             Began as a Draconian Ice Elementalist on Sept 17, 2022.
             Slain by a gnoll
             ... wielding a +2 halberd of flaming
              (6 damage)
             ... on level 2 of the Dungeon.
             The game lasted 00:03:18 (2463 turns).

zxpr0jk the Chiller (Draconian Ice Elementalist)    Turns: 2463, Time: 00:03:19

Health: 0/33       AC:  5    Str: 10    XL:     4   Next: 14%
Magic:  5/8        EV: 12    Int: 15    God:
Gold:   95         SH:  0    Dex: 14    Spells: 7/8 levels left

rFire   . . .      SeeInvis .    f - +0 spear
rCold   . . .      Faith    .    (no shield)
rNeg    . . .      Spirit   .    (body armour unavailable)
rPois   .          Reflect  .    (helmet restricted)
rElec   .          Harm     .    (no cloak)
rCorr   .          Rampage  .    (no gloves)
Will    .....                    (no boots)
Stlth   ++........               (no amulet)
HPRegen 0.11/turn                (no ring)
MPRegen 0.11/turn                (no ring)

@: no status effects
A: AC +5, unfitting armour, cold-blooded
a: no special abilities


You were on level 2 of the Dungeon.
You visited 1 branch of the dungeon, and saw 2 of its levels.

You collected 95 gold pieces.

Inventory:

Hand Weapons
 f - a +0 spear (weapon)
Missiles
 k - 2 stones (quivered)
Scrolls
 e - 2 scrolls of identify {unknown}
 i - a scroll of vulnerability {unknown}
 j - 2 scrolls of fear {unknown}
 l - a scroll of torment {unknown}
 m - 2 scrolls of enchant armour {unknown}
Potions
 a - a potion of magic
 b - a potion of curing {unknown}
 c - a potion of haste {unknown}
 d - 2 potions of attraction {unknown}
 g - a potion of mutation {unknown}
 h - a potion of invisibility {unknown}
 n - a potion of resistance {unknown}


   Skills:
 - Level 1.7 Dodging
 - Level 1.7 Stealth
 + Level 2.8 Spellcasting
 * Level 5.2 Ice Magic


You had 7 spell levels left.
You knew the following spells:

 Your Spells              Type           Power      Damage    Failure   Level
a - Freeze                Ice            68%        1d8       2%          1

Your spell library contained the following spells:

 Spells                   Type           Power      Damage    Failure   Level
 Frozen Ramparts          Ice            34%        1d6       7%          3
 Ozocubu's Armour         Ice            17%        N/A       7%          3
 Hailstorm                Conj/Ice       9%         3d4       56%         4


Dungeon Overview and Level Annotations

Branches:
Dungeon (2/15)

Altars:


Innate Abilities, Weirdness & Mutations

Your plain brown scales are hard. (AC +5)
You cannot fit into any form of body armour.
You are cold-blooded and may be slowed by cold attacks.


Message History

The gnoll shouts!
You hear a shout!
The gnoll throws a poisoned dart.
The poisoned dart completely misses you.
You start waiting.
A gnoll is nearby!
You reach to attack!
You hit the gnoll.
The gnoll is moderately wounded.
The gnoll barely misses you.
Casting: Freeze (safe; 2% risk of failure)
Confirm with . or Enter, or press ? or * to list all spells.
Aiming: Freeze (safe; 2% risk of failure)
Press: ? - help, Shift-Dir - straight line, f/p - gnoll
Aim: a gnoll, wielding a +0 club and quivering poisoned darts (moderately wounded)
You freeze the gnoll.
The gnoll is severely wounded.
The gnoll barely misses you. The gnoll hits you with a +0 club!
Casting: Freeze (safe; 2% risk of failure)
Confirm with . or Enter, or press ? or * to list all spells.
Aiming: Freeze (safe; 2% risk of failure)
Press: ? - help, Shift-Dir - straight line, f/p - gnoll
Aim: a gnoll, wielding a +0 club and quivering poisoned darts (severely wounded)
You freeze the gnoll.
You kill the gnoll!
The gnoll barely misses you.
A rat comes into view.
The gnoll hits you with a +2 halberd of flaming.
The gnoll burns you.
Things that are here:
a +0 club; 5 poisoned darts
Casting: Freeze (safe; 2% risk of failure)
Confirm with . or Enter, or press ? or * to list all spells.
Aiming: Freeze (safe; 2% risk of failure)
Press: ? - help, Shift-Dir - straight line, f - gnoll
Aim: a gnoll, wielding a +2 halberd of flaming You freeze the gnoll!
The gnoll is heavily wounded.
The gnoll hits you with a +2 halberd of flaming!
* * * LOW HITPOINT WARNING * * *
The gnoll burns you.
You die...

#### #########
#... #.......##
#.##
########.#####..#
#.## .......#.#
#..# #.##
#......g.# #..###
#.## ##.#.#.#@#
#....# #.##
...#.#####..#.#
#.##
.....#........#)#
#.##
##.gg.#........#.#
#...
##.#.##########.#
#### .... #.# ###
##.## ##.## #..
##+##### ##...##
#.. ##......###
##.#.#.###..


You could see a gnoll.

Vanquished Creatures
  3 gnolls (D:2)
  A worm (D:2)
  2 dart slugs (D:1)
  2 endoplasms (D:1)
  2 giant cockroaches
  2 goblins
  7 hobgoblins
  3 jackals (D:2)
  2 quokkas (D:1)
  5 ball pythons
  6 bats
  A frilled lizard (D:1)
  3 kobolds
39 creatures vanquished.

Notes
Turn   | Place    | Note
-------+----------+-------------------------------------------
     0 | D:1      | zxpr0jk the Draconian Ice Elementalist began the quest for
                  | the Orb.
     0 | D:1      | Reached XP level 1. HP: 14/14 MP: 3/3
   380 | D:1      | Reached XP level 2. HP: 20/20 MP: 1/5
  1205 | D:1      | Reached XP level 3. HP: 19/26 MP: 6/6
  1982 | D:2      | Found a faded altar of an unknown god.
  2190 | D:2      | Identified the +1 leather armour "Zeqiecig" {Int+2 Slay+3}
  2370 | D:2      | Reached skill level 5 in Ice Magic
  2374 | D:2      | Reached XP level 4. HP: 25/33 MP: 0/8
  2463 | D:2      | Slain by a gnoll

Illustrated notes

Levels and vault maps discovered:
D:1:      mushboom_english_gardens, layout_loops_corners, serial_forest,
          infiniplex_forest_clump_double, infiniplex_forest_clump_cross,
          infiniplex_forest_lined_room_3, infiniplex_forest_diagonal,
          infiniplex_forest_end_2, infiniplex_forest_end_2,
          infiniplex_forest_diagonal, infiniplex_forest_lined_corner,
          infiniplex_forest_end_2, st_stairs_14, minmay_misc_feat_rugged
D:2:      layout_loops_corners, chequers_ecumenical_altar_simple,
          nicolae_underground_beach, uniq_crazy_yiuf_cottage

Skill      XL: |  1  2  3 |
---------------+----------+-----
Ice Magic      | 5 |  5.2
Dodging        | |  1.7
Stealth        | |  1.7
Spellcasting   | |  2.8

Action                   |  1- 3 |  4- 6 || total
-------------------------+-------+-------++-------
Melee: Unarmed           |    32 |       ||    32
       Tailslap          |    10 |       ||    10
       Spear             |    73 |     1 ||    74
Throw: Stone             |     4 |       ||     4
 Cast: Freeze            |    25 |     3 ||    28
 Stab: Sleeping          |     3 |       ||     3
Armor: Skin              |    41 |       ||    41
Dodge: Dodged            |    67 |     4 ||    71

Table legend: (Time is in decaauts)
 A = Elapsed time spent in this place.
 B = Non-inter-level travel time spent in this place.
 C = Inter-level travel time spent in this place.
 D = Time resting spent in this place.
 E = Time spent auto-exploring this place.
 F = Levels seen in this place.
 G = Mean time per level.
                   A        B        C        D        E       F      G
               +--------+--------+--------+--------+--------+-----+--------+
         Total |   2470 |   2450 |     20 |      8 |   2126 |   2 | 1235.0 |
       Dungeon |   2470 |   2450 |     20 |      8 |   2126 |   2 | 1235.0 |
               +--------+--------+--------+--------+--------+-----+--------+

Top non-repeatable levels by time:
     D:1: 1652 daAuts
     D:2: 817 daAuts
